 Dungeon Crawl Stone Soup version 0.27.1-1-g398f81649c (webtiles) character file.

Game seed: 8788651174687762478

1150 jlumianski the Shield-Bearer (level 8, 0/72 HPs)
             Began as a Deep Dwarf Fighter on Sept 19, 2021.
             Was a Follower of Makhleb.
             Killed from afar by an electric eel (6 damage)
             ... with a bolt of electricity
             ... on level 6 of the Dungeon.
             The game lasted 00:24:06 (4443 turns).

jlumianski the Shield-Bearer (Deep Dwarf Fighter)   Turns: 4443, Time: 00:24:07

Health: 0/72       AC:  9    Str: 22    XL:     8   Next: 15%
Magic:  3/3        EV: 13    Int:  9    God:    Makhleb [*.....]
Gold:   217        SH: 10    Dex: 12    Spells: 7/7 levels left

rFire    . . .     SeeInvis +   L - +7 Spriggan's Knife {stab, EV+4 Stlth+}
rCold    . . .     Faith    .   c - +0 kite shield
rNeg     . . .     Spirit   .   b - +0 scale mail
rPois    .         Reflect  .   g - +1 helmet
rElec    .         Harm     .   (no cloak)
rCorr    .         Rampage  .   (no gloves)
Will     +....                  (no boots)
Stlth    ++........             i - amulet of the acrobat
HPRegen  0.00/turn              J - ring of see invisible
MPRegen  0.08/turn              (no ring)

@: no status effects
A: damage resistance, heal wounds, sense surroundings 1, no regeneration
a: Heal Wounds, Renounce Religion


You were on level 6 of the Dungeon.
You worshipped Makhleb.
Makhleb was aware of your devotion.
You visited 2 branches of the dungeon, and saw 7 of its levels.

You collected 217 gold pieces.

Inventory:

Hand Weapons
 a - a +1 war axe
 n - a +0 dire flail of protection
 o - a +0 hunting sling
 u - a +1 spear of venom
 L - the +7 Spriggan's Knife (weapon) {stab, EV+4 Stlth+}
   (You found it on level 5 of the Dungeon)

   It is more effective when stabbing unaware enemies, treating them as though
   they were completely helpless.
   EV:        It affects your evasion (+4).
   Stlth:     It makes you more stealthy.
Missiles
 f - 163 stones
 l - 5 sling bullets
 t - 6 poisoned darts (quivered)
 A - 40 bolts
 F - 6 boomerangs
Armour
 b - a +0 scale mail (worn)
 c - a +0 kite shield (worn)
 g - a +1 helmet (worn)
 v - a scarf of harm
Magical Staves
 w - a staff of cold
Jewellery
 i - an amulet of the acrobat (around neck)
 j - an amulet of guardian spirit
 r - a ring of ice
 C - a ring of ice
 J - a ring of see invisible (left hand)
Wands
 G - a wand of acid (9)
 K - a wand of paralysis (8)
Scrolls
 e - 3 scrolls of enchant weapon
 s - a scroll of immolation {unknown}
 x - a scroll of enchant armour {unknown}
 y - a scroll of noise {unknown}
 B - a scroll of magic mapping
 D - a scroll of acquirement {unknown}
 H - a scroll of teleportation
Potions
 d - a potion of might
 h - a potion of resistance
 k - 2 potions of curing
 m - 2 potions of flight
 q - a potion of degeneration
 z - a potion of lignification
 E - a potion of attraction
 M - a potion of berserk rage


   Skills:
 + Level 4.0 Fighting
 * Level 2.6 Short Blades
 - Level 5.2 Axes
 + Level 2.0 Slings
 + Level 0.1(0.9) Throwing
 + Level 5.3 Armour
 + Level 2.8 Dodging
 * Level 3.4 Stealth
 + Level 5.5 Shields


You had 7 spell levels left.
You didn't know any spells.
Your spell library contained the following spells:

 Spells                   Type           Power      Damage    Failure   Level
 Beastly Appendage        Tmut           0%         N/A       98%         1
 Corona                   Hex            0%         N/A       98%         1
 Ensorcelled Hibernation  Hex/Ice        0%         N/A       99%         2
 Wereblood                Tmut           0%         N/A       99%         2
 Spider Form              Tmut/Pois      0%         N/A       100%        3
 Tukima's Dance           Hex            0%         N/A       100%        3


Dungeon Overview and Level Annotations

Branches:
Dungeon (6/15)             Temple (1/1) D:4

Altars:
Ashenzari
Fedhas
Hepliaklqana
Makhleb
Nemelex Xobeh
Okawaru
Qazlal
Sif Muna
Wu Jian
Yredelemnul
Beogh

Annotations:
D:4 3 runed translucent doors, PewDiePie's ghost, amateur OpFi


Innate Abilities, Weirdness & Mutations

You are resistant to damage.
You can heal yourself by infusing magical energy.
You passively map a small area around you.
You do not regenerate.


Message History

The electric eel shoots out a bolt of lightning at you!
The bolt of electricity hits you!
* * * LOW HITPOINT WARNING * * *
The bolt of electricity misses you.
Your magical essence is drained by the effort!
You feel much better.
The electric eel shoots out a bolt of lightning at you!
The bolt of electricity hits you. x2
* * * LOW HITPOINT WARNING * * *
An electric eel comes into view.
The electric eel shoots out a bolt of lightning at you!
The bolt of electricity misses the electric eel.
The bolt of electricity hits you!
* * * LOW HITPOINT WARNING * * *
You fail to use your ability.
The electric eel shoots out a bolt of lightning at you!
The bolt of electricity hits the electric eel.
The electric eel completely resists.
The bolt of electricity hits you!
* * * LOW HITPOINT WARNING * * *
Okay, then.
Unknown command.
You feel much better.
The electric eel shoots out a bolt of lightning at you!
The bolt of electricity hits you!
* * * LOW HITPOINT WARNING * * *
You puncture the electric eel!
The electric eel is heavily wounded.
The electric eel shoots out a bolt of lightning at you!
The bolt of electricity hits you!
* * * LOW HITPOINT WARNING * * *
You fail to use your ability.
You barely miss the electric eel.
The electric eel is heavily wounded.
The electric eel shoots out a bolt of lightning at you!
The bolt of electricity hits you!
* * * LOW HITPOINT WARNING * * *
The bolt of electricity misses you.
The electric eel shoots out a bolt of lightning at you!
The bolt of electricity hits you!
You die...

.........#######≈≈♣♣♣≈≈≈♣♣♣≈.≈
.........# #.≈♣ ♣≈.≈♣ .;
.........# #≈≈♣♣♣≈.≈♣♣♣≈.≈
#.......## #≈≈≈≈≈≈.≈≈≈≈≈.≈ ≈≈
.........# #.≈.≈...≈...≈..
.........# #.≈≈≈≈≈.≈≈≈≈≈≈≈ ≈
.........# #≈≈♣♣♣≈.≈♣♣♣≈.≈
........)# #;;♣ ♣≈≈≈♣ ≈≈≈ *
.........# #@≈♣ ♣≈.≈♣ ≈≈≈ *
........## #≈≈≈≈≈≈.≈≈≈ ≈≈≈ ≈
.......## **#..≈.≈≈≈≈.≈≈
..##.### ..≈≈≈≈;≈≈≈≈≈ ≈ ≈
..†..#### ,.≈≈♣♣♣≈.≈♣♣♣ ≈
..##....## ,..≈≈♣ ≈≈≈ ≈
##*###...####...≈≈♣ ≈≈**
#.#.......#≈≈≈ ≈ ≈ #)##..##. ≈


You could see 3 electric eels.

Vanquished Creatures
  Sigmund (D:4)
  A hornet zombie (D:6)
  A black bear (D:4)
  A sky beast (D:5)
  An ogre (D:3)
  2 scorpions (D:6)
  A water moccasin skeleton (D:6)
  A howler monkey (D:5)
  A centaur zombie (D:6)
  3 hounds
  A centaur skeleton (D:6)
  A howler monkey zombie (D:6)
  3 gnolls (D:4)
  4 adders (D:2)
  A howler monkey skeleton (D:4)
  An ufetubus (D:6)
  2 dart slugs (D:2)
  4 worms
  7 orcs
  11 endoplasms
  8 giant cockroaches
  10 goblins
  10 hobgoblins
  4 jackals (D:3)
  A kobold (D:1)
  6 quokkas
  8 ball pythons
  6 bats
  2 frilled lizards
  12 rats
115 creatures vanquished.

Vanquished Creatures (collateral kills)
  Edmund (D:4)
1 creature vanquished.

Vanquished Creatures (others)
  7 fungi (D:3)
  7 plants (D:3)
14 creatures vanquished.

Grand Total: 130 creatures vanquished

Notes
Turn   | Place    | Note
-------+----------+-------------------------------------------
     0 | D:1      | jlumianski the Deep Dwarf Fighter began the quest for the
                  | Orb.
     0 | D:1      | Reached XP level 1. HP: 20/20 MP: 1/1
   314 | D:1      | Reached XP level 2. HP: 22/27 MP: 2/2
   316 | D:2      | Found an iron altar of Okawaru.
  1216 | D:2      | Reached XP level 3. HP: 28/34 MP: 3/3
  1526 | D:2      | Reached XP level 4. HP: 25/42 MP: 4/4
  1887 | D:3      | Found a faded altar of an unknown god.
  1966 | D:3      | Found a sparkling altar of Nemelex Xobeh.
  2394 | D:4      | Found a staircase to the Ecumenical Temple.
  2401 | D:4      | Noticed a black bear
  2415 | D:4      | Killed a black bear
  2416 | D:4      | Reached skill level 1 in Slings
  2416 | D:4      | Reached XP level 5. HP: 20/49 MP: 5/5
  2430 | Temple   | Entered the Ecumenical Temple
  2442 | Temple   | Became a worshipper of Makhleb the Destroyer
  2615 | D:4      | Found a runed translucent gate.
  2617 | D:4      | Found a runed translucent gate.
  2618 | D:4      | Found a runed translucent gate.
  2618 | D:4      | Noticed PewDiePie's ghost (amateur OpFi)
  2626 | D:4      | Identified the +1 ring mail of Haudan {rElec rC+ Int-2
                  | Stlth+}
  2845 | D:4      | Found a stormy altar of Qazlal.
  2854 | D:4      | Noticed Sigmund
  2855 | D:4      | Noticed Edmund
  2875 | D:4      | Killed Edmund
  2876 | D:4      | Reached skill level 1 in Dodging
  2876 | D:4      | Reached XP level 6. HP: 34/56 MP: 5/5
  2885 | D:4      | Killed Sigmund
  3020 | D:4      | Found a broken altar of Ashenzari.
  3039 | D:4      | Reached skill level 5 in Shields
  3039 | D:4      | Reached XP level 7. HP: 41/63 MP: 5/5
  3202 | D:3      | Reached skill level 5 in Armour
  3513 | D:3      | Reached skill level 5 in Axes
  3520 | D:3      | Reached * piety under Makhleb
  3609 | D:4      | Found an iron altar of Okawaru.
  3796 | D:5      | Entered Level 5 of the Dungeon
  3859 | D:5      | Found the +7 Spriggan's Knife {stab, EV+4 Stlth+}
  3910 | D:5      | Reached skill level 1 in Stealth
  4244 | D:5      | Reached skill level 1 in Short Blades
  4355 | D:6      | Reached XP level 8. HP: 38/72 MP: 4/4
  4443 | D:6      | Killed from afar by an electric eel

Illustrated notes

Levels and vault maps discovered:
D:1:      matt_arrival_spirals, layout_basic, serial_rivers,
          chequers_serial_rivers_small_b, chequers_serial_rivers_large_a,
          chequers_serial_rivers_small_a, chequers_serial_rivers_small_b,
          grunt_decor_mini_mirrors
D:2:      layout_basic, basic_altar, grunt_ministairs_14,
          kennysheep_generic_room_13
D:3:      layout_loops_corners, nicolae_overflow_crystal_walls,
          shapermc_ecumenical_altar_mp_urbaneastern, minmay_misc_feat_x,
          st_stairs_8, minmay_stone_trees_small, minmay_misc_feat_chi,
          minmay_bisected
D:4:      layout_loops_ring, nicolae_qazlal_general_emergency,
          lemuel_tele_altar, old_standard_altar, minmay_temple_entry_junction,
          biasface_ghost_orc_armoury, sigmund_edmund_badplayer
D:5:      layout_basic
D:6:      layout_rooms, corexii_corridor_pit, kennysheep_boxes, uniq_sigmund,
          uniq_duvessa
Temple:   dshaligram_water_room_temple

Skill      XL: |  1  2  3  4  5  6  7  8 |
---------------+-------------------------+-----
Fighting       | 3 4 |  4.0
Axes           | 3 4 5 |  5.2
Shields        | 4 5 |  5.5
Slings         | 1 2 |  2.0
Armour         | 4 5 |  5.3
Dodging        | 1 2 |  2.8
Stealth        | 3 |  3.4
Short Blades   | 2 |  2.6
Throwing       | |  0.1

Action                   |  1- 3 |  4- 6 |  7- 9 || total
-------------------------+-------+-------+-------++-------
Melee: War axe           |   110 |    88 |    49 ||   247
       Knife             |       |       |    86 ||    86
 Fire: Hunting sling     |    17 |    28 |     1 ||    46
Throw: Stone             |     8 |       |       ||     8
       Dart              |       |     3 |     2 ||     5
 Abil: Heal Wounds       |       |     4 |     6 ||    10
  Use: Scroll            |       |     6 |     6 ||    12
       Potion            |       |     1 |     1 ||     2
 Stab: Sleeping          |       |       |     1 ||     1
Armor: Scale mail        |    61 |    37 |    50 ||   148
Dodge: Dodged            |    55 |    41 |    67 ||   163
Block: Kite shield       |    69 |    61 |    72 ||   202
